AoeStats
← victordh91

Arabia

504988569Analyzed
1v1 RM · 24d ago on Sep 7, 2026· 43m 35s· 2 players
Game mode
Random Map
Map size
Tiny (2 player)
Population
200
Speed
Normal
Resources
Standard
Victory
Conquest
Starting age
Dark Age
Ending age
Imperial Age
RankedLock teamsTeams togetherTeam positionsShared explorationLock speedFull tech treeHidden civsTurbo modeCheats
Victory
Defeat
🇺🇦 Romans · Ukraine
885
+15
🇳🇱 Chinese · Netherlands
855
-15
victordh91
0:25 Loom
9:57 Feudal Age
12:17 Horse Collar
13:27 Fletching
20:27 Castle Age
beccTpawHuu
5:12 Loom
10:33 Feudal Age
11:39 Double-Bit Axe
12:04 Horse Collar
22:59 Castle Age
21:32 Fletching
21:43 Padded Archer Armor
21:56 Forging
24:48 Bow Saw
24:42 Heavy Plow
24:19 Elite Skirmisher
24:21 Crossbowman
27:26 Bodkin Arrow
27:45 Man-at-Arms
28:54 Long Swordsman
32:43 Iron Casting
34:23 Scale Mail Armor
34:38 Leather Archer Armor
42:28 Imperial Age
42:31 Spies/Treason
Connection lost

Rejoining the realm…

Still unreachable

The connection could not be restored.

Session expired

The server has moved on; the page needs a fresh start.